 Dungeon Crawl Stone Soup version 0.14-a0-226-gcf818b1 (console) character file.

658 Illaniel the Charmwright (level 7, 0/45 HPs)
             Began as a High Elf Skald on Oct 10, 2013.
             Succumbed to Deemzul's ghost's poison
             ... on Level 5 of the Dungeon.
             The game lasted 00:20:45 (4397 turns).

Illaniel the Charmwright (High Elf Skald)           Turns: 4397, Time: 00:20:46

HP   0/45        AC  6     Str 12      XL: 7   Next:  2%
MP   3/19        EV 12     Int 17      God:
Gold 136         SH  0     Dex 15      Spells:  4 memorised,  5 levels left

Res.Fire  : . . .   See Invis. : +   a - +0 orc long sword
Res.Cold  : + . .   Warding    : .   b - +0 elf leather armour
Life Prot.: . . .   Conserve   : .   (no shield)
Res.Poison: .       Res.Corr.  : .   (no helmet)
Res.Elec. : .       Clarity    : .   (no cloak)
Sust.Abil.: . .     Spirit.Shd : .   j - +2 pair of gloves
Res.Mut.  : .       Stasis     : .   (no boots)
Res.Rott. : .       Flight     : .   (no amulet)
Saprovore : . . .                    x - ring of protection from cold {unknown}
                                     h - ring of see invisible

@: extremely poisoned, slightly resistant to hostile enchantments, fairly
stealthy
A: no striking features
a: no special abilities


You were on level 5 of the Dungeon.
You were not hungry.

You visited 1 branch of the dungeon, and saw 5 of its levels.

You collected 116 gold pieces.

Inventory:

Hand weapons
 a - a +0,+0 orcish long sword (weapon)
 s - a +0,+0 sling
 v - a +0 blowgun
 B - a +1,+3 orcish war axe
 C - a +0,+0 elven falchion
Missiles
 e - 67 stones (quivered)
 g - 35 poisoned needles
 m - 20 poisoned sling bullets
Armour
 b - a +0 elven leather armour (worn)
 j - a +2 pair of gloves (worn)
 G - a +0 pair of gloves
Magical devices
 A - a wand of confusion (6)
Comestibles
 d - a bread ration
 p - 5 apples
 w - 2 oranges
 D - a rotting chunk of worker ant flesh
 H - 4 rotting chunks of centaur flesh
Scrolls
 l - a scroll of amnesia {unknown}
 n - 3 scrolls of remove curse
 o - a scroll of enchant armour {unknown}
 q - 2 scrolls of noise {unknown}
 t - a scroll of enchant weapon I {unknown}
 E - a scroll of curse armour {unknown}
 F - 2 scrolls of curse weapon {unknown}
 I - a scroll of fear {unknown}
Jewellery
 f - an uncursed ring of teleportation
 h - a ring of see invisible (left hand)
 u - an uncursed ring of invisibility
 x - a ring of protection from cold (right hand) {unknown}
 y - an uncursed ring of ice
Potions
 i - a potion of curing
 k - a potion of degeneration
 r - a potion of heal wounds {unknown}
 z - 2 potions of might {unknown}
Books
 c - a book of Battle

   Spells                             Type                      Level
   *Infusion                          Charms                       1
   *Shroud of Golubria                Charms/Translocation         2
   *Song of Slaying                   Charms                       2
   *Spectral Weapon                   Hexes/Charms                 3
   Regeneration                       Charms/Necromancy            3
   Song of Shielding                  Charms                       4


   Skills:
 * Level 3.5 Fighting
 * Level 4.0 Long Blades
 * Level 2.7 Armour
 * Level 3.2 Dodging
 + Level 1.9 Stealth
 * Level 3.7 Spellcasting
 + Level 1.2 Hexes
 + Level 4.4 Charms
 + Level 1.4 Translocations


You had 5 spell levels left.
You knew the following spells:

 Your Spells              Type           Power        Failure   Level  Hunger
a - Infusion              Chrm           ###...       2%          1    None
b - Song of Slaying       Chrm           ###.......   4%          2    ##.....
c - Spectral Weapon       Hex/Chrm       ##......     17%         3    ###....
h - Shroud of Golubria    Chrm/Tloc      ##........   10%         2    ##.....


Dungeon Overview and Level Annotations

Branches:
Dungeon (5/27)
 Temple: D:4-7

Altars:
Fedhas

Annotations:
D:5 Deemzul's ghost, average DjFi


Message History

Your song has ended.
Deemzul's ghost hits you.
* * * LOW HITPOINT WARNING * * *
You are more poisoned.
You barely miss Deemzul's ghost.
Deemzul's ghost is heavily damaged.
* * * LOW HITPOINT WARNING * * *
You feel very sick.
You are feeling less magically infused.
Deemzul's ghost barely misses you.
You hit Deemzul's ghost but do no damage.
Deemzul's ghost is heavily damaged.
* * * LOW HITPOINT WARNING * * *
You feel very sick. Deemzul's ghost hits you.
* * * LOW HITPOINT WARNING * * *
You are more poisoned.
You barely miss Deemzul's ghost.
Deemzul's ghost is heavily damaged.
You die...

▒∙∙∙∙∙∙∙∙▒▒▒▒∙▒>∙
▒∙>∙∙∙∙∙∙▒ ▒∙▒∙∙
▒∙∙∙∙∙∙∙∙▒ ▒∙▒∙∙
▒∙∙∙∙∙∙∙∙▒ ▒∙'∙∙
■∙∙∙∙∙∙<∙▒ ▒▒▒∙∙
▒∙∙∙∙∙∙∙∙▒ ▒∙∙
▒∙∙∙∙∙∙∙∙▒ ▒∙∙
▒▒▒▒▒'▒▒▒▒▒▒ ▒∙∙
▒((∙∙∙▒ ▒▒'
▒▒p▒▒▒▒▒▒▒▒▒ ∙∙
▒∙%@∙∙∙∙∙∙∙∙ ■▒▒
▒∙∙∙∙∙∙∙∙∙∙∙
▒∙∙∙∙∙∙∙∙∙∙
▒∙∙∙∙∙∙∙∙∙∙
▒∙∙∙∙∙∙∙∙∙∙
▒∙∙∙∙∙∙∙∙∙
▒∙∙∙∙∙∙∙∙
▒∙∙∙∙∙∙∙ ∙∙∙


You could see Deemzul's ghost.

Vanquished Creatures
  A centaur (D:5)
  A big kobold (D:4)
  Blork the orc (D:5)
  A hound (D:3)
  A scorpion (D:4)
  An iguana (D:4)
  2 worker ants
  A gnoll (D:1)
  3 adders
  4 worms
  5 giant geckos
  4 orcs (D:4)
  8 giant cockroaches
  10 goblins
  10 hobgoblins
  15 kobolds
  3 quokkas
  7 ball pythons
  5 bats
  3 giant newts
  7 jackals
  An orc skeleton (D:4)
  11 rats
  A bush (D:4)
106 creatures vanquished.

Vanquished Creatures (others)
  A spectral weapon (D:5)
1 creature vanquished.

Grand Total: 107 creatures vanquished

Notes
Turn   | Place    | Note
--------------------------------------------------------------
     0 | D:1      | Illaniel, the High Elf Skald, began the quest for the Orb.
     0 | D:1      | Reached XP level 1. HP: 13/13 MP: 4/4
   249 | D:1      | Reached XP level 2. HP: 11/18 MP: 3/6
   262 | D:1      | Learned a level 2 spell: Song of Slaying
   265 | D:1      | Learned a level 2 spell: Shroud of Golubria
   290 | D:1      | Upgraded the game from 0.14-a0-218-g24e112a to 0.14-a0-226-gcf818b1
   601 | D:1      | Reached skill level 1 in Armour
   984 | D:1      | Reached XP level 3. HP: 23/23 MP: 6/9
  1453 | D:2      | Reached skill level 4 in Charms
  2023 | D:3      | Reached XP level 4. HP: 29/29 MP: 3/11
  2030 | D:3      | Learned a level 3 spell: Spectral Weapon
  2196 | D:3      | Reached skill level 1 in Stealth
  2418 | D:3      | Found a blossoming altar of Fedhas.
  2821 | D:3      | Reached XP level 5. HP: 8/34 MP: 0/14
  3553 | D:4      | Noticed a big kobold
  3585 | D:4      | Killed a big kobold
  3585 | D:4      | Reached XP level 6. HP: 34/40 MP: 4/17
  3735 | D:4      | Reached skill level 1 in Translocations
  4003 | D:5      | Entered Level 5 of the Dungeon
  4046 | D:5      | Noticed Blork the orc
  4067 | D:5      | Killed Blork the orc
  4139 | D:5      | Reached skill level 1 in Hexes
  4139 | D:5      | Reached XP level 7. HP: 5/45 MP: 12/19
  4370 | D:5      | Noticed Deemzul's ghost (average DjFi)
  4396 | D:5      | HP: 1/45 [Deemzul's ghost (5)]
  4397 | D:5      | Succumbed to Deemzul's ghost's poison

Action                   |  1- 3 |  4- 6 |  7- 9 || total
-------------------------+-------+-------+-------++-------
Melee: Falchion          |   128 |   244 |       ||   372
       Long sword        |       |    10 |    19 ||    29
 Fire: Sling             |     4 |       |       ||     4
       Blowgun           |       |    22 |       ||    22
Throw: Stone             |     5 |       |       ||     5
 Cast: Infusion          |    25 |    27 |     1 ||    53
       Shroud of Golubri |     9 |    10 |     1 ||    20
       Spectral Weapon   |       |    17 |     3 ||    20
       Song of Slaying   |       |     5 |     1 ||     6
Evoke: Wand              |       |     1 |       ||     1
  Use: Scroll            |     5 |       |       ||     5
 Stab: Sleeping          |     1 |       |       ||     1
       Distracted        |       |       |     1 ||     1
